 Dungeon Crawl Stone Soup version 0.31.0-2-g5a2aebc5c2 (webtiles) character file.

Game seed: 15074913232008766497

107 Sobieck the Trooper (level 4, -5/29 HPs)
             Began as a Gargoyle Fighter on Jan 20, 2024.
             Slain by an ice beast (12 damage)
             ... on level 3 of the Dungeon.
             The game lasted 00:06:01 (2512 turns).

Sobieck the Trooper (Gargoyle Fighter)              Turns: 2512, Time: 00:06:01

Health: -5/29      AC: 10    Str: 21    XL:     4   Next: 86%
Magic:  13/13      EV:  9    Int:  9    God:
Gold:   5          SH:  9    Dex:  9    Spells: 3/3 levels left

rFire   . . .        a - +0 flail
rCold   . . .        c - +0 buckler
rNeg    + . .        b - +0 scale mail
rPois   ∞            (no helmet)
rElec   +            (no cloak)
rCorr   .            (no gloves)
SInv    +            (no boots)
Will    .....        w - amulet "Tuobam" {Reflect MP+9 SH+5} Stlth
                     y - +4 ring of slaying
HPRegen 0.24/turn    s - ring of see invisible
MPRegen 0.13/turn

%: reflection
@: studying 2 skills
A: sickness immunity, AC +3, negative energy resistance 1, electricity
resistance, torment resistance 1, petrification resistance
a: no special abilities


You were on level 3 of the Dungeon.
You visited 1 branch of the dungeon, and saw 4 of its levels.

You collected 113 gold pieces.
You spent 108 gold pieces at shops.

Inventory:

Hand Weapons
 a - a +0 flail (weapon)
 r - a +0 mace of draining
Missiles
 j - 28 stones (quivered)
 k - 9 poisoned darts
 v - 3 javelins
Armour
 b - a +0 scale mail (worn)
 c - a +0 buckler (worn)
 t - a +0 kite shield
Jewellery
 p - a ring of ice
 s - a ring of see invisible (right hand)
 w - the amulet "Tuobam" (around neck) {Reflect MP+9 SH+5}
   (You found it on level 3 of the Dungeon)

   [amulet of reflection]

   Reflect:   It reflects blocked missile attacks.
   MP+9:      It affects your magic capacity (+9).
   SH+5:      It affects your SH (+5).
 y - a +4 ring of slaying (left hand)
Wands
 x - a wand of polymorph (7)
Scrolls
 e - a scroll of identify {unknown}
 h - a scroll of fear {unknown}
 m - 2 scrolls of poison {unknown}
 n - a scroll of blinking {unknown}
 q - a scroll of vulnerability {unknown}
 u - a scroll of teleportation {unknown}
 A - a scroll of enchant armour {unknown}
Potions
 d - a potion of might
 f - 4 potions of attraction {unknown}
 g - 2 potions of degeneration
 i - a potion of brilliance {unknown}
 l - a potion of enlightenment {unknown}
 o - a potion of invisibility {unknown}
 z - a potion of heal wounds
 Q - a potion of curing


   Skills:
 + Level 4.0 Fighting
 + Level 2.8 Maces & Flails
 + Level 3.9 Armour
 + Level 3.9 Shields
 + Level 1.4 Evocations


You had 3 spell levels left.
You didn't know any spells.
Your spell library contained the following spells:

 Spells                   Type           Power      Damage    Failure   Level
 Call Canine Familiar     Summ           0%         N/A       98%         3
 Sigil of Binding         Hex            0%         N/A       98%         3
 Dimensional Bullseye     Hex/Tloc       0%         N/A       100%        4


Dungeon Overview and Level Annotations

Branches:
Dungeon (4/15)
 Temple: D:4-7

Altars:
Fedhas
Trog
Xom

Shops:
D:2 =!!=(


Innate Abilities, Weirdness & Mutations

You are immune to sickness and miasma.
Your stone body is resilient. (AC +3)
You are immune to poison.
You resist negative energy. (rN+)
You are resistant to electric shocks. (rElec)
You are resistant to unholy torment.
You are immune to petrification.


Message History

Found a stone staircase leading up.
There is a stone staircase leading up here.
Found a stone staircase leading down.
There is a stone staircase leading down here.
There is a stone staircase leading down here.
Found a chain mail.
A - a scroll labelled QASYNA JAHILI
j - 28 stones (gained 6)
Found a shimmering altar of Xom and a blossoming altar of Fedhas.
Partly explored, can't reach some places.
Partly explored, can't reach some places.
There is a stone staircase leading down here.
You climb downwards.
There is a stone staircase leading up here.
There are monsters nearby!
Unknown command.
Unknown command.
The ice beast hits you but does no damage.
You climb upwards.
There is a stone staircase leading down here.
Unknown command.
Unknown command.
You completely miss the ice beast. The ice beast misses you.
You sock the ice beast!
The ice beast is heavily wounded.
You block the ice beast's attack.
You closely miss the ice beast.
The ice beast is heavily wounded.
The ice beast barely misses you.
You closely miss the ice beast.
The ice beast is heavily wounded.
You block the ice beast's attack.
The ice beast hits you but does no damage.
You hit the ice beast.
The ice beast is severely wounded.
You block the ice beast's attack.
You closely miss the ice beast.
The ice beast is severely wounded.
The ice beast hits you. The ice beast freezes you!
You hit the ice beast.
The ice beast is almost dead.
The ice beast hits you. The ice beast freezes you!
The ice beast barely misses you.
Unknown command.
You barely miss the ice beast.
The ice beast is almost dead.
The ice beast hits you.
* * * LOW HITPOINT WARNING * * *
The ice beast freezes you!
You die...

#........# #.# #.#.
#...[....# #.# #.#.
#........#######.# #.#.
#................#####<#.
######
###....#######.......#.#.
.....##
#....#.....#.#####.#.#[
#.....# #....#.#####.#
#.#.#. ≈≈....# ####.#.#
#.# #.#.#. #≈....# #.#@#
###.#####.#.#. #≈....#
#.#Y###...........#.
#≈....#
#.#...............#.
#≈##.##
#.#####...........#.
#≈##.#
#.#####...........#.
≈≈##.##
##...........###.#.#.
......#####
#.....######.# #.#.#.
≈≈........#
#..........#.# #.#.#.
#≈........#
#.....####.#.# #.#.#.


You could see an ice beast.

Vanquished Creatures
  Jessica (D:2)
  2 adders (D:3)
  2 dart slugs
  An orc (D:3)
  6 ball pythons
  6 bats
  6 endoplasms
  2 giant cockroaches
  2 goblins (D:1)
  3 hobgoblins
  6 jackals
  7 kobolds
  3 quokkas
  4 frilled lizards
  2 rats (D:1)
53 creatures vanquished.

Notes
Turn   | Place    | Note
-------+----------+-------------------------------------------
     0 | D:1      | Sobieck the Gargoyle Fighter began the quest for the Orb.
     0 | D:1      | Reached XP level 1. HP: 14/14 MP: 1/1
     9 | D:1      | You fall into a shaft and drop 1 floor!
    11 | D:2      | Found Fobyvesm's Distillery.
    97 | D:1      | Reached XP level 2. HP: 19/19 MP: 2/2
   307 | D:1      | Reached XP level 3. HP: 14/23 MP: 3/3
   733 | D:2      | Found Jaalar's Jewellery Shop.
   776 | D:2      | Reached skill level 1 in Evocations
   813 | D:2      | Noticed Jessica
   822 | D:2      | Killed Jessica
   823 | D:2      | Reached XP level 4. HP: 15/29 MP: 4/4
   891 | D:2      | Found Qum Sogo's Distillery.
   944 | D:2      | Bought a potion of degeneration for 12 gold pieces
   960 | D:2      | Found Fasai's Weapon Emporium.
   980 | D:2      | Found Sugugy's Jewellery Boutique.
  1294 | D:2      | Bought a potion of curing for 36 gold pieces
  1803 | D:3      | Identified the amulet "Tuobam" {Reflect MP+9 SH+5}
  1942 | D:3      | Reached skill level 4 in Fighting
  1951 | D:3      | Found a bloodstained altar of Trog.
  2120 | D:2      | Bought a potion of heal wounds for 60 gold pieces
  2315 | D:3      | Found a shimmering altar of Xom.
  2315 | D:3      | Found a blossoming altar of Fedhas.
  2501 | D:4      | Noticed a scorpion
  2501 | D:4      | Noticed an ice beast
  2512 | D:3      | Slain by an ice beast

Illustrated notes

Levels and vault maps discovered:
D:1:      mainiacjoe_arrival_reflecting_pool, layout_rooms, corexii_corridor_pit
D:2:      layout_basic, serial_shops, nicolae_shop_hallway_plus, shop,
          nicolae_shop_bloodbath_and_beyond, nicolae_shop_real_fake_doors,
          nicolae_shop_industrial_runoff, uniq_jessica
D:3:      layout_basic, mainiacjoe_overflow_cross_hatched,
          nicolae_overflow_two_pavilions
D:4:      layout_rooms

Skill      XL: |  1  2  3  4 |
---------------+-------------+-----
Evocations     | 1 |  1.4
Fighting       | 4 |  4.0
Maces & Flails | |  2.8
Armour         | |  3.9
Shields        | |  3.9

Action                     |  1- 3 |  4- 6 || total
---------------------------+-------+-------++-------
  Melee: Flail             |    91 |    65 ||   156
 Armour: Scale mail        |    51 |    45 ||    96
  Dodge: Dodged            |    42 |    28 ||    70
  Block: Buckler           |    18 |    25 ||    43
         Reflection        |       |     1 ||     1
